 Dungeon Crawl Stone Soup version bcrawl-1.17.3 (webtiles) character file.

Game seed: 3566249583893964950

1031 Chiseanne the Cudgeler (level 8, -1/61 HPs)
             Began as a Mummy Archaeologist on Oct 25, 2019.
             Was an Initiate of Gozag.
             Slain by a killer bee (3 damage)
             ... on level 5 of the Dungeon.
             The game lasted 00:08:42 (5086 turns).

Chiseanne the Cudgeler (Mummy Archaeologist)        Turns: 5086, Time: 00:08:43

Health: -1/61      AC:  6    Str: 10    XL:     8   Next: 3%
Magic:  8/8        EV: 14    Int: 20    God:    Gozag
Gold:   304        SH:  0    Dex: 20    Spells: 7/7 levels left

rFire    + . .     SeeInvis .   a - +3 scimitar "Ciepaeti" {venom, rPois rN+ Str-4 Dex+10}
rCold    + . .     Gourm    .   (no shield)
rNeg     + + +     Faith    .   f - +1 leather armour of Suuxtor {rF+ MR- Int+4}
rPois    ∞         Spirit   .   h - -1 helmet (curse)
rElec    .         Reflect  .   (no cloak)
rCorr    .         Harm     .   (no gloves)
MR       .....     Clarity  +   d - +1 pair of boots
Stlth    ++........             (no amulet)
HPRegen  0.20/turn              j - ring of protection from fire
MPRegen  0.11/turn              (no ring)

@: very slightly contaminated, studying Staves
A: no food or potions, fire vulnerability, clarity, cold resistance 1, negative
energy resistance 3, torment resistance, unbreathing
a: Potion Petition, Call Merchant, Bribe Branch, Renounce Religion


You were on level 5 of the Dungeon.
You worshipped Gozag.
Gozag was aware of your devotion.
You were not hungry.

You visited 1 branch of the dungeon, and saw 5 of its levels.

You collected 643 gold pieces.
You spent 279 gold pieces at shops.
You paid 60 gold pieces to Gozag.

Inventory:

Hand Weapons
 a - the +3 scimitar "Ciepaeti" (weapon) {venom, rPois rN+ Str-4 Dex+10}
   (You bought it in a shop on level 4 of the Dungeon)

   It poisons the flesh of those it strikes.
   It affects your strength (-4).
   It affects your dexterity (+10).
   It protects you from poison.
   It protects you from negative energy.
Missiles
 c - 61 needles of confusion
 g - 1336 stones
 l - 571 sling bullets
 n - 156 arrows
 o - 115 silver javelins (quivered)
 p - 362 bolts
 r - 60 poisoned needles
Armour
 d - a +1 pair of boots (worn)
 f - the +1 leather armour of Suuxtor (worn) {rF+ MR- Int+4}
   (You found it on level 4 of the Dungeon)

   It affects your intelligence (+4).
   It protects you from fire.
   It affects your resistance to hostile enchantments.
 h - a cursed -1 helmet (worn)
Jewellery
 j - a ring of protection from fire (left hand)
Scrolls
 b - 2 scrolls of identify
 e - 4 scrolls of remove curse
 k - 2 scrolls of magic mapping
 m - a scroll of immolation
 q - a scroll of amnesia
 s - 2 scrolls of enchant weapon
 u - a scroll of enchant armour
Books
 t - a manual of Staves


   Skills:
 * Level 4.4 Fighting
   Level 7.0 Maces & Flails
 * Level 2.4 Armour
 * Level 3.6 Dodging
 - Level 2.6 Stealth


You had 7 spell levels left.
You didn't know any spells.
Your spell library was empty.

Dungeon Overview and Level Annotations

Branches:
Dungeon (5/12)             Temple (0/1) D:4

Altars:
Ashenzari
Gozag
Makhleb
Trog
Zin

Shops:
D:4 (   D:5 %


Innate Abilities, Weirdness & Mutations

You do not eat or drink.
Your flesh is vulnerable to fire.
You are immune to poison.
You possess an exceptional clarity of mind.
Your flesh is cold resistant. (rC+)
You are immune to negative energy. (rN+++)
You are immune to unholy pain and torment.
You can survive without breathing.


Message History

You miss the killer bee.
The killer bee stings you but does no damage.
The killer bee stings you!
* * * LOW HITPOINT WARNING * * *
The killer bee stings you.
* * * LOW HITPOINT WARNING * * *
You miss the killer bee. The killer bee stings you.
* * * LOW HITPOINT WARNING * * *
The killer bee stings you.
* * * LOW HITPOINT WARNING * * *
The killer bee completely misses you.
Blink to where?
Press: ? - help, Dir - move target cursor You are very lightly contaminated with residual magic.
As you read the scroll of blinking, it crumbles to dust.
A sky beast appears from thin air!
Reactivating autopickup.
The killer bee barely misses you. The killer bee stings you.
You die...
Your body crumbles into a pile of gold.

..... #..#
.....###$######
.......§......####
......Yy##.......###
.....##H####.......##
.... #y# ###......#
... #y# ####...## #.
#y#### ##...# #
#@...# #...## ####.#
##...## #..... ##....
###.. #### ###
######.. # ###
###......###.. . #..
.# $ ...#....... ###.
#.# #.


You could see a hippogriff, a sky beast and 4 killer bees.

Vanquished Creatures
  Duvessa (D:5)
  A necrophage (D:4)
  An ogre (D:3)
  Dowan (D:5)
  2 killer bees (D:5)
  2 crimson imps
  2 orc priests (D:3)
  3 orc wizards
  An iguana (D:4)
  2 worker ants (D:4)
  A hound zombie (D:5)
  2 hound skeletons
  10 adders
  4 gnolls
  An adder skeleton (D:4)
  3 worms
  3 dart slugs
  5 leopard geckos
  15 orcs
  5 bats
  6 giant cockroaches
  11 goblins
  17 hobgoblins
  9 jackals
  3 quokkas
  9 frilled lizards
  12 kobolds
  6 rats
138 creatures vanquished.

Notes
Turn   | Place    | Note
-------+----------+-------------------------------------------
     0 | D:1      | Chiseanne the Mummy Archaeologist began the quest for the
                  | Orb.
     0 | D:1      | Reached XP level 1. HP: 15/15 MP: 1/1
   257 | D:1      | Found a shattered altar of Ashenzari.
   304 | D:1      | Reached XP level 2. HP: 16/22 MP: 2/2
   716 | D:1      | Reached XP level 3. HP: 12/29 MP: 3/3
   963 | D:1      | Reached skill level 1 in Maces & Flails
  1248 | D:2      | Found a glowing silver altar of Zin.
  1293 | D:2      | Reached skill level 2 in Maces & Flails
  1567 | D:2      | Reached XP level 4. HP: 35/35 MP: 4/4
  1659 | D:2      | Reached skill level 3 in Maces & Flails
  2183 | D:2      | Reached skill level 4 in Maces & Flails
  2296 | D:3      | Reached XP level 5. HP: 36/41 MP: 5/5
  2411 | D:3      | Reached skill level 5 in Maces & Flails
  2496 | D:3      | Noticed an ogre
  2502 | D:3      | Killed an ogre
  2502 | D:3      | Reached skill level 6 in Maces & Flails
  2785 | D:3      | Found an opulent altar of Gozag.
  2809 | D:3      | Reached XP level 6. HP: 38/47 MP: 6/6
  2821 | D:3      | Became a worshipper of Gozag Ym Sagoz the Greedy
  3685 | D:4      | Found a bloodstained altar of Trog.
  3909 | D:4      | Found a staircase to the Ecumenical Temple.
  3913 | D:4      | Found Ufrogic's Antique Weapon Emporium.
  3917 | D:4      | Bought an ancient scimitar for 279 gold pieces
  3918 | D:4      | Found a burning altar of Makhleb.
  3922 | D:4      | Reached skill level 7 in Maces & Flails
  3922 | D:4      | Reached XP level 7. HP: 48/52 MP: 7/7
  3927 | D:4      | Identified the +3 scimitar "Ciepaeti" {venom, rPois rN+
                  | Str-4 Dex+10} (You bought it in a shop on level 4 of the
                  | Dungeon)
  3929 | D:4      | Found the +10 dark maul {crush}
  3999 | D:4      | Got a slimy leather armour
  4015 | D:4      | Identified the +1 leather armour of Suuxtor {rF+ MR- Int+4}
                  | (You found it on level 4 of the Dungeon)
  4507 | D:5      | Entered Level 5 of the Dungeon
  4507 | D:5      | Noticed Duvessa
  4507 | D:5      | Noticed Dowan
  4532 | D:5      | Killed Duvessa
  4532 | D:5      | Reached skill level 1 in Armour
  4805 | D:5      | Killed Dowan
  4846 | D:5      | Found Lidyfan's Food Shop.
  5069 | D:5      | Noticed a hippogriff
  5079 | D:5      | Reached XP level 8. HP: 15/61 MP: 8/8
  5083 | D:5      | HP: 3/61 [killer bee (4)]
  5084 | D:5      | HP: 1/61 [killer bee (1)]
  5086 | D:5      | Slain by a killer bee

Skill      XL: |  1  2  3  4  5  6  7 |
---------------+----------------------+-----
Fighting       | 2 3 4 |  4.4
Maces & Flails | 2 4 6 7 |  7.0
Armour         | 2 |  2.4
Dodging        | 3 |  3.6
Stealth        | |  2.6

Action                   |  1- 3 |  4- 6 |  7- 9 || total
-------------------------+-------+-------+-------++-------
Melee: Whip              |    21 |       |       ||    21
       Hand axe          |   153 |    93 |       ||   246
       Mace              |       |   185 |       ||   185
       Scimitar          |       |       |    93 ||    93
Throw: Javelin           |       |       |     1 ||     1
  Use: Scroll            |     2 |     8 |     5 ||    15
 Stab: Sleeping          |       |       |     3 ||     3
       Distracted        |       |       |     2 ||     2
Armor: Robe              |    29 |       |       ||    29
       Chain mail        |    95 |   190 |    10 ||   295
       Leather armour    |       |       |    32 ||    32
Dodge: Dodged            |   101 |    98 |    89 ||   288
